 Dungeon Crawl Stone Soup version 0.28.0-1-gb440e238dd (webtiles) character file.

Game seed: 7509616565247045116

107 fknight the Chopper (level 4, -2/41 HPs)
             Began as a Hill Orc Monk on Feb 28, 2022.
             Was a Believer of Beogh.
             Killed from afar by an orc wizard (7 damage)
             ... with a magic dart
             ... on level 3 of the Dungeon.
             The game lasted 00:07:19 (2676 turns).

fknight the Chopper (Hill Orc Monk)                 Turns: 2676, Time: 00:07:20

Health: -2/41      AC:  8    Str: 15    XL:     4   Next: 86%
Magic:  4/4        EV:  7    Int: 10    God:    Beogh [**....]
Gold:   185        SH:  0    Dex: 13    Spells: 3/3 levels left

rFire   . . .      SeeInvis .   i - +2 short sword (vamp)
rCold   . . .      Faith    .   (no shield)
rNeg    . . .      Spirit   .   d - +0 chain mail
rPois   .          Reflect  .   l - +0 hat
rElec   .          Harm     .   (no cloak)
rCorr   .          Rampage  .   (no gloves)
Will    .....                   (no boots)
Stlth   ..........              (no amulet)
HPRegen 0.13/turn               (no ring)
MPRegen 0.09/turn               (no ring)

@: no status effects
A: no striking features
a: Renounce Religion, Smiting


You were on level 3 of the Dungeon.
You worshipped Beogh.
Beogh was pleased with you.
You visited 1 branch of the dungeon, and saw 3 of its levels.

You collected 185 gold pieces.

Inventory:

Hand Weapons
 a - a +0 hand axe
 i - a +2 vampiric short sword (weapon)
 o - a +0 falchion of freezing
Missiles
 c - 24 stones (quivered)
 f - 5 poisoned darts
 m - 25 sling bullets
 r - a boomerang
Armour
 b - a +0 robe
 d - a +0 chain mail (worn)
 l - a +0 hat (worn)
Scrolls
 h - 4 scrolls of immolation {unknown}
 q - a scroll of magic mapping {unknown}
Potions
 e - a potion of degeneration {unknown}
 g - a potion of heal wounds {unknown}
 j - 3 potions of lignification {unknown}
 k - a potion of magic {unknown}
 n - a potion of brilliance {unknown}
 p - a potion of haste {unknown}


   Skills:
 + Level 4.5 Fighting
 + Level 4.9 Axes
 + Level 3.0 Dodging
 + Level 2.5 Stealth


You had 3 spell levels left.
You didn't know any spells.
Your spell library contained the following spells:

 Spells                   Type           Power      Damage    Failure   Level
 Ensorcelled Hibernation  Hex/Ice        0%         N/A       100%        2
 Passwall                 Tmut/Erth      0%         N/A       100%        2
 Swiftness                Air            0%         N/A       100%        3
 Malign Gateway           Summ/Tloc      0%         N/A       100%        7
 Summon Horrible Things   Summ           0%         N/A       100%        8


Dungeon Overview and Level Annotations

Branches:
Dungeon (3/15)

Altars:
Ashenzari


Message History

The orc is heavily wounded.
You completely miss something.
You feel less confused. The orc hits you with a +0 flail. Something hits you.
The orc closely misses you.
You barely miss the orc.
The orc is heavily wounded.
You hit something. Something hits you but does no damage.
The orc hits you but does no damage.
You hit the orc.
You kill the orc!
Beogh accepts your kill.
You miss something. Something hits you but does no damage. Something hits you.
Things that are here:
a +0 flail; a boomerang; a +0 leather armour
r - a boomerang Something hits you but does no damage.
You barely miss something. Something hits you.
You barely miss something. Something hits you.
You closely miss something.
You hear some strange, mumbled words.
Something tries to affect you, but you resist.
You miss something. Something hits you but does no damage.
You barely miss something.
You hear some strange, mumbled words.
A puff of flame appears from out of thin air!
The puff of flame hits you!
* * * LOW HITPOINT WARNING * * *
You hit something. Something hits you but does no damage.
You feel a sense of dread.
i - a +2 vampiric short sword (weapon)
Something hits you but does no damage.
You hit something but do no damage. Something hits you but does no damage.
You closely miss something.
You hear some strange, mumbled words.
A magic dart appears from out of thin air!
The magic dart hits you!
You die...
Beogh appreciates something's killing of a heretic priest.

...o... .##.
........ #...
.......> ...
.......##.# #..
#...# #..###.### .
#...##.#####.#
#...#)).....#
#####..{@###..##
##..)<...........
##....รท......#.##.
#..........#.....
#..........##.....
#.............#..#
#..#.#)....####...
#..._......# .....
##.#.#....## ....


There were no monsters in sight!

Vanquished Creatures
  4 adders
  2 dart slugs
  4 orcs (D:3)
  6 ball pythons
  7 endoplasms
  A giant cockroach (D:1)
  4 hobgoblins
  4 jackals (D:2)
  3 quokkas
  8 bats
  3 frilled lizards
  7 goblins
  5 kobolds
  3 rats
61 creatures vanquished.

Vanquished Creatures (others)
  A worm (D:3)
  An orc (D:3)
  A hobgoblin (D:3)
3 creatures vanquished.

Grand Total: 64 creatures vanquished

Notes
Turn   | Place    | Note
-------+----------+-------------------------------------------
     0 | D:1      | fknight the Hill Orc Monk began the quest for the Orb.
     0 | D:1      | Reached XP level 1. HP: 19/19 MP: 1/1
   314 | D:1      | Reached XP level 2. HP: 15/27 MP: 2/2
   835 | D:1      | Reached XP level 3. HP: 30/33 MP: 3/3
  1777 | D:2      | Reached XP level 4. HP: 37/40 MP: 4/4
  2421 | D:3      | Found a broken altar of Ashenzari.
  2542 | D:3      | Became a worshipper of Beogh the Brigand
  2542 | D:3      | Reached * piety under Beogh
  2542 | D:3      | Reached ** piety under Beogh
  2676 | D:3      | Killed from afar by an orc wizard

Illustrated notes

Levels and vault maps discovered:
D:1:      erik_arrival_orb_chamber, layout_basic, minmay_nonomino_d4
D:2:      layout_basic
D:3:      layout_rooms, zin_scriptorium, ashenzari_altar_1,
          beargit_hepliaklqana_dungeon_heroes, tgw_fedhas

Skill      XL: |  1  2  3  4 |
---------------+-------------+-----
Fighting       | 4 |  4.5
Stealth        | 2 |  2.5
Dodging        | 3 |  3.0
Axes           | |  4.9

Action                   |  1- 3 |  4- 6 || total
-------------------------+-------+-------++-------
Melee: Hand axe          |   135 |    16 ||   151
       Punch             |     2 |     1 ||     3
       Short sword       |       |    89 ||    89
Throw: Stone             |     1 |     6 ||     7
Invok: Convert to Beogh  |       |     1 ||     1
Armor: Chain mail        |   103 |    81 ||   184
       Robe              |     2 |       ||     2
Dodge: Dodged            |    73 |    54 ||   127
